 Dungeon Crawl Stone Soup version 0.31-a0-870-g10ed682358 (webtiles) character file.

Game seed: 8254712745903266793

20158 BinkBink the Mimic (level 12, -2/122 HPs)
             Began as a Troll Shapeshifter on Oct 12, 2023.
             Was a Priest of Qazlal.
             Slain by an orc knight
             ... wielding a +1 battleaxe
              (12 damage)
             ... on level 9 of the Dungeon.
             The game lasted 00:29:46 (12915 turns).

BinkBink the Mimic (Troll Shapeshifter)            Turns: 12915, Time: 00:29:47

Health: -2/122     AC:  9    Str: 39    XL:     12   Next: 42%
Magic:  11/11      EV:  9    Int:  6    God:    Qazlal [***...]
Gold:   786        SH:  3    Dex:  9    Spells: 11/11 levels left

rFire   + +          .
                       - Unarmed
rCold   x . .        (shield currently unavailable)
rNeg    . . .        G - melded +0 troll leather armour
rPois   +            (helmet currently unavailable)
rElec   .            (cloak currently unavailable)
rCorr   .            (gloves unavailable)
SInv    .            (boots unavailable)
Will    .....        E - amulet of regeneration
Stlth   +            s - ring of poison resistance
HPRegen 2.00/turn    (no ring)
MPRegen 0.12/turn

%: no passive effects
@: about to teleport, dragon-form, flying
A: dragon claw, dragon scales, breathe fire, flying, giant, unfitting armour,
(claws 3), regeneration 1, (shaggy fur 1), (tough skin 1)
a: Breathe Fire, Begin Untransformation, Renounce Religion, Upheaval, Elemental
Force


You were on level 9 of the Dungeon.
You worshipped Qazlal.
Qazlal was most pleased with you.
You were a fearsome dragon!
You visited 4 branches of the dungeon, and saw 16 of its levels.
You also visited: Ossuary.

You collected 786 gold pieces.

Inventory:

Missiles
 v - a throwing net
Armour
 a - a +0 animal skin
 l - +1 acid dragon scales
 G - a +0 troll leather armour (melded)
Jewellery
 e - an amulet of the acrobat
 s - a ring of poison resistance (left foreclaw)
 E - an amulet of regeneration (around neck)
Talismans
 c - a beast talisman
 d - a flux talisman
 r - a dragon-blood talisman (active)
Wands
 g - a wand of acid (1)
 y - a wand of flame (63) (quivered)
 z - a wand of roots (10)
 B - a wand of digging (4)
 D - a wand of polymorph (8)
 L - a wand of paralysis (4)
Scrolls
 f - a scroll of noise {unknown}
 i - a scroll of teleportation
 k - 3 scrolls of amnesia
 m - 4 scrolls of immolation
 o - 2 scrolls of identify
 p - 4 scrolls of poison
 q - 2 scrolls of enchant armour
 t - a scroll of fog
 w - a scroll of enchant weapon
 A - a scroll of torment {unknown}
 H - a scroll of vulnerability
 J - 2 scrolls of revelation {unknown}
 M - a scroll of blinking {unknown}
Potions
 b - a potion of lignification
 h - 8 potions of curing
 j - 3 potions of mutation
 n - a potion of enlightenment
 u - 2 potions of attraction
 x - 3 potions of resistance {unknown}
 C - 2 potions of might
 F - a potion of haste {unknown}
 I - a potion of brilliance {unknown}
 K - a potion of cancellation {unknown}


   Skills:
 + Level 8.5 Fighting
 * Level 6.6 Dodging
 + Level 10.5 Unarmed Combat
 * Level 12.6 Shapeshifting


You had 11 spell levels left.
You didn't know any spells.
Your spell library contained the following spells:

 Spells                   Type           Power      Damage    Failure   Level
 Sandblast                Erth           0%         2d4       45%         1
 Lesser Beckoning         Tloc           0%         N/A       58%         2
 Passwall                 Tmut/Erth      0%         N/A       58%         2
 Gell's Gravitas          Tloc           0%         N/A       83%         3
 Hailstorm                Conj/Ice       0%         3d3       83%         3
 Stone Arrow              Conj/Erth      0%         3d7       83%         3
 Teleport Other           Tloc           0%         N/A       83%         3
 Brom's Barrelling Bould  Conj/Erth      0%         2d3       99%         4
 Summon Ice Beast         Ice/Summ       0%         N/A       99%         4
 Simulacrum               Ice/Necr       0%         N/A       100%        6


Dungeon Overview and Level Annotations

Branches:
Dungeon (10/15)            Temple (1/1) D:4            Lair (4/5) D:8
  Swamp (0/4) Lair:3       Spider (0/4) Lair:2          Orc (1/2) D:9
Ossuary (visited)
  Slime: Lair:4-5

Altars:
Ashenzari
Cheibriados
Dithmenos
Elyvilon
Fedhas
Gozag
Hepliaklqana
Kikubaaqudgha
Makhleb
Nemelex Xobeh
Okawaru
Qazlal
Ru
Sif Muna
Trog
Uskayaw
Vehumet
Wu Jian
Xom
Yredelemnul
Zin
The Shining One

Shops:
D:2 ?   D:10 :

Annotations:
D:3 1 runed translucent door, Crazy Yiuf
D:10 Fannar
Lair:4 Sonja
Orc:1 Gastronok


Innate Abilities, Weirdness & Mutations

You are a fearsome dragon!
You have a powerful clawing attack.
Your giant scaled body is strong and resilient, but less evasive.
You can breathe fire.
You are flying.
Your armour is entirely melded.
You are incapable of wielding weapons or throwing items.
You are too large for most types of armour.
((You have claws for hands.))
Your natural rate of healing is unusually fast.
((You are covered in fur. (AC +1)))
((You have tough skin. (AC +1)))


Message History

The orc warrior barely misses you.
The orc knight is engulfed in blazing flames.
The orc knight hits you with a +1 battleaxe!
You closely miss the orc knight.
You claw the orc knight, but do no damage.
Your bite misses the orc knight.
The orc knight is lightly wounded.
You bite the orc knight!!
You tail-slap the orc knight, but do no damage.
The orc knight is heavily wounded.
The orc knight hits you with a +1 battleaxe!
The orc warrior barely misses you.
You hit the orc knight.
Your tail-slap misses the orc knight.
The orc knight is heavily wounded.
The orc knight hits you with a +1 battleaxe.
The orc warrior hits you with a +0 war axe!
You hit the orc knight but do no damage.
You tail-slap the orc knight. You bite the orc knight.
The orc knight is heavily wounded.
The orc warrior hits you with a +0 war axe!!
The orc knight hits you with a +1 battleaxe!!
You barely miss the orc knight.
You tail-slap the orc knight, but do no damage.
You bite the orc knight, but do no damage.
The orc knight is heavily wounded.
The orc warrior hits you with a +0 war axe!
The orc knight hits you with a +1 battleaxe!!
* * * LOW HITPOINT WARNING * * *
Okay, then.
Okay, then.
As you read the scroll labelled QEKHLA BOMUPONO, it crumbles to dust.
It is a scroll of enchant weapon.
You aren't carrying any weapons that can be enchanted.
The orc warrior barely misses you. The orc knight barely misses you.
As you read the scroll labelled FOPHU JYPNOEL, it crumbles to dust.
You feel strangely unstable.
It was a scroll of teleportation.
The orc warrior hits you with a +0 war axe!
* * * LOW HITPOINT WARNING * * *
The orc knight hits you with a +1 battleaxe!
You die...

.###### ##.........# ##..#
......## #.......#.# ##.#
####...#####.#######.####..#
# ##.....#...#####...[[)..#
# ##....'.8.......8.##[..#
##
###########...#####...###..#
###. ......##
####'###'#)####..###...
.......#
##o))##.###........#
#####..# #.Do##.##........##
##.## ##.$)##.##........#
#..# ####'###'#.#######...##
##..###..[#####...# ##....
###...#...8)).....8.# ##...
###.†.....#...#####...# ####
...######.##### ####### ####
#...#####..### #
##...........#


You could see an orc knight and an orc warrior (strong).

Vanquished Creatures
  An eleionoma (Lair:3)
  2 death yaks (Lair:1)
  A lindwurm (Lair:2)
  An oklob plant (Lair:2)
  Maurice (D:8)
  6 elephants (Lair:3)
  2 black mambas (Lair:2)
  A torpor snail (Lair:1)
  Psyche (D:9)
  5 cane toads
  6 komodo dragons
  2 rime drakes (Lair:3)
  A hornet (Lair:2)
  A troll (D:9)
  20 yaks
  2 wyverns
  A wraith (D:10)
  2 basilisks (Lair:3)
  A redback (Lair:2)
  Menkaure (Ossuary)
  A steam dragon (D:10)
  An acid dragon (D:9)
  10 water moccasins
  5 orc warriors
  A sky beast (D:8)
  2 ice beasts
  10 wolves
  A centaur (D:5)
  2 phantoms
  3 kobold brigands
  10 bullfrogs
  2 gnoll sergeants
  4 scorpions
  10 killer bees
  3 howler monkeys
  11 orc priests
  7 hounds
  3 jellies
  A sleepcap (D:5)
  2 iguanas
  7 orc wizards
  4 mummies
  13 gnolls
  10 adders
  A shadow imp (D:8)
  A white imp (D:5)
  3 worms
  49 orcs
  6 endoplasms
  5 giant cockroaches
  6 goblins
  8 hobgoblins
  4 jackals (D:1)
  14 kobolds
  4 quokkas
  5 ball pythons
  7 bats
  2 frilled lizards
  2 gnoll skeletons (Ossuary)
  3 gnoll zombies (Ossuary)
  4 goblin skeletons (Ossuary)
  3 goblin zombies (Ossuary)
  6 hobgoblin skeletons (Ossuary)
  4 hobgoblin zombies (Ossuary)
  4 kobold skeletons (Ossuary)
  7 kobold zombies
  6 orc skeletons (Ossuary)
  6 orc zombies
  A rat (D:3)
  3 rat skeletons (Ossuary)
  6 rat zombies (Ossuary)
351 creatures vanquished.

Notes
Turn   | Place    | Note
-------+----------+-------------------------------------------
     0 | D:1      | BinkBink the Troll Shapeshifter began the quest for the
                  | Orb.
     0 | D:1      | Reached XP level 1. HP: 18/18 MP: 0/0
   138 | D:1      | Reached skill level 1 in Fighting
   149 | D:1      | Reached XP level 2. HP: 27/27 MP: 1/1
   608 | D:1      | You fall into a shaft and drop 1 floor!
   654 | D:2      | Reached XP level 3. HP: 23/33 MP: 2/2
   699 | D:2      | Found Govoa's Magic Scroll Shoppe.
   793 | D:1      | Found a faded altar of an unknown god.
  1084 | D:2      | Found a stormy altar of Qazlal.
  1315 | D:3      | Reached XP level 4. HP: 33/41 MP: 3/3
  1527 | D:3      | Identified the +7 whip "Xemoidd" {heavy, rCorr}
  1570 | D:3      | Found a runed translucent door.
  1571 | D:3      | Noticed Crazy Yiuf
  1830 | D:4      | Found a radiant altar of Vehumet.
  1921 | D:4      | Reached XP level 5. HP: 48/49 MP: 4/4
  1942 | D:4      | Noticed a phantom
  1953 | D:4      | Killed a phantom
  1954 | D:4      | Reached skill level 4 in Shapeshifting
  2007 | D:4      | Found a sand-covered staircase.
  2016 | Ossuary  | Entered an ossuary
  2450 | Ossuary  | Reached XP level 6. HP: 49/59 MP: 5/5
  2481 | Ossuary  | Noticed Menkaure
  2490 | Ossuary  | Killed Menkaure
  2706 | D:4      | Found a staircase to the Ecumenical Temple.
  2916 | D:5      | Entered Level 5 of the Dungeon
  2949 | D:5      | Reached XP level 7. HP: 62/67 MP: 6/6
  3163 | D:5      | Reached skill level 5 in Unarmed Combat
  3298 | D:5      | Reached skill level 5 in Shapeshifting
  3566 | D:5      | Found a sacrificial altar of Ru.
  3605 | D:5      | Found an ornate altar of the Wu Jian Council.
  3793 | D:5      | Reached XP level 8. HP: 74/78 MP: 7/7
  3817 | D:5      | Found a bloodstained altar of Trog.
  3833 | D:5      | Found a glowing golden altar of the Shining One.
  4379 | D:6      | Reached skill level 6 in Shapeshifting
  5366 | D:6      | Reached XP level 9. HP: 79/85 MP: 8/8
  5569 | D:7      | Reached skill level 7 in Shapeshifting
  5887 | D:7      | Found a white marble altar of Elyvilon.
  5893 | D:7      | Reached skill level 5 in Fighting
  6640 | D:8      | Reached skill level 8 in Shapeshifting
  7090 | D:8      | Noticed Maurice
  7093 | D:8      | Maurice stole a dragon-blood talisman
  7095 | D:8      | Maurice stole a ring of poison resistance
  7097 | D:8      | Maurice stole a throwing net
  7100 | D:8      | Maurice stole 335 gold
  7102 | D:8      | Maurice stole 134 gold
  7105 | D:8      | Killed Maurice
  7109 | D:8      | HP: 4/89 [poisoned by Maurice]
  7114 | D:8      | HP: 3/89 [poisoned by Maurice]
  7713 | D:8      | Found a staircase to the Lair.
  7879 | D:9      | Noticed Psyche
  7894 | D:9      | Killed Psyche
  7895 | D:9      | Reached skill level 9 in Shapeshifting
  7895 | D:9      | Reached XP level 10. HP: 76/98 MP: 9/9
  8151 | D:9      | Found a staircase to the Orcish Mines.
  8386 | Temple   | Entered the Ecumenical Temple
  8413 | Temple   | Became a worshipper of Qazlal Stormbringer
  9471 | D:10     | Entered Level 10 of the Dungeon
  9502 | D:10     | Found Esuo's Self-Improvement Boutique.
  9633 | D:10     | Reached * piety under Qazlal
  9646 | D:10     | Reached skill level 10 in Shapeshifting
  9685 | D:10     | Noticed Fannar
  9752 | Orc:1    | Entered Level 1 of the Orcish Mines
  9763 | Orc:1    | Noticed an orc knight
  9777 | Orc:1    | Noticed Gastronok
  9815 | Lair:1   | Entered Level 1 of the Lair of Beasts
 10169 | Lair:1   | Noticed a cane toad
 10176 | Lair:1   | Killed a cane toad
 10229 | Lair:1   | Noticed a death yak
 10568 | Lair:1   | Noticed a death yak
 10581 | Lair:1   | Killed a death yak
 10582 | Lair:1   | Reached XP level 11. HP: 93/109 MP: 10/10
 10593 | Lair:1   | Killed a death yak
 10645 | Lair:1   | Reached skill level 11 in Shapeshifting
 11097 | Lair:2   | Noticed a lindwurm
 11102 | Lair:2   | Killed a lindwurm
 11184 | Lair:2   | Noticed an oklob plant
 11236 | Lair:2   | Killed an oklob plant
 11363 | Lair:2   | Found a hole to the Spider Nest.
 11369 | Lair:2   | Reached ** piety under Qazlal
 11695 | Lair:2   | Reached skill level 10 in Unarmed Combat
 11738 | Lair:2   | Reached skill level 5 in Dodging
 12051 | Lair:2   | Reached skill level 12 in Shapeshifting
 12119 | Lair:3   | Reached XP level 12. HP: 93/119 MP: 11/11
 12306 | Lair:3   | Noticed an eleionoma
 12316 | Lair:3   | Killed an eleionoma
 12321 | Lair:3   | Found a staircase to the Swamp.
 12780 | Lair:4   | Noticed Sonja
 12780 | Lair:4   | Noticed a six-headed hydra
 12902 | D:9      | Reached *** piety under Qazlal
 12915 | D:9      | Slain by an orc knight

Illustrated notes

Levels and vault maps discovered:
D:1:      nicolae_arrival_somewhat_less_tricky_arrival, layout_loops_ring,
          basic_ecumenical_altar, chequers_serial_rivers_micro_e
D:2:      layout_loops_cross, basic_altar, serial_shops, shop
D:3:      layout_rooms, uniq_crazy_yiuf_cottage
D:4:      layout_cave_pools, marbit_many_paths, temple_statues,
          mainiacjoe_ossuary_entry_dusty_tomb
D:5:      layout_basic, nicolae_overflow_quartered_altars,
          minmay_misc_feat_tower, st_stairs_13
D:6:      layout_gridville, minmay_misc_feat_secret_circle, st_stairs_5,
          hangedman_decor_diamond_cutter
D:7:      layout_gridville, mainiacjoe_overflow_boulevard, minivault_5,
          grunt_ministairs_7, minmay_misc_feat_alley, minmay_mini_ossuary
D:8:      layout_layer_cave, grunt_lair_entry_orc_guard_hut, uniq_maurice
D:9:      layout_layer_cave, hiddenorc2_lemuel, uniq_psyche
D:10:     layout_irregular_city, hangedman_decor_clover_reticule,
          minmay_misc_feat_room, nicolae_shop_self_help, uniq_josephine,
          uniq_fannar
Temple:   nicolae_temple_elliptical
Lair:1:   layout_cave_pods, serial_rivers, chequers_serial_rivers_small_a,
          chequers_serial_rivers_room_b, chequers_serial_rivers_micro_a,
          chequers_serial_rivers_micro_b, chequers_serial_rivers_micro_b,
          chequers_serial_rivers_room_a
Lair:2:   layout_cave_pods, spider_nest_entry_rubble, minivault_23,
          chequers_serial_rivers_small_3
Lair:3:   layout_regular_city, alex1729_swamp_entry_worm_eleionoma
Lair:4:   layout_gridlike, ebering_ghost_rock_garden, uniq_sonja
Orc:1:    layout_caves, serial_shops, basic_altar, uniq_gastronok

Skill      XL: |  1  2  3  4  5  6  7  8  9 10 11 12 |
---------------+-------------------------------------+-----
Fighting       | 1 2 3 4 6 7 8 |  8.5
Dodging        | 2 3 4 5 6 |  6.6
Unarmed Combat | 4 5 6 7 9 10 | 10.5
Shapeshifting  | 4 5 6 9 10 12 | 12.6

Action                     |  1- 3 |  4- 6 |  7- 9 | 10-12 || total
---------------------------+-------+-------+-------+-------++-------
  Melee: Unarmed           |    93 |   181 |   303 |   364 ||   941
         Punch             |       |     3 |    11 |    15 ||    29
         Bite              |       |       |       |    21 ||    21
         Tailslap          |       |       |       |    21 ||    21
Ability: Breathe Fire      |       |       |       |     7 ||     7
  Evoke: Wand              |       |       |     1 |       ||     1
    Use: Scroll            |       |     6 |     2 |     8 ||    16
         Potion            |       |       |     4 |     1 ||     5
   Stab: Sleeping          |       |       |     1 |       ||     1
         Invisible         |       |       |       |     1 ||     1
         Held in net/web   |       |       |       |     1 ||     1
 Armour: Animal skin       |    58 |    72 |   200 |    61 ||   391
         Troll leather arm |       |       |       |    63 ||    63
         Acid dragon scale |       |       |       |    35 ||    35
         Skin              |       |       |       |   117 ||   117
  Dodge: Dodged            |    39 |    78 |   129 |   147 ||   393
  Block: Other             |       |       |       |    15 ||    15
   Form: Dragon            |       |       |       |     1 ||     1

Table legend: (Time is in decaauts)
 A = Elapsed time spent in this place.
 B = Non-inter-level travel time spent in this place.
 C = Inter-level travel time spent in this place.
 D = Time resting spent in this place.
 E = Time spent auto-exploring this place.
 F = Levels seen in this place.
 G = Mean time per level.
                   A        B        C        D        E       F      G
               +--------+--------+--------+--------+--------+-----+--------+
         Total |  12858 |  12005 |    853 |   1135 |   8621 |  17 |  756.4 |
       Dungeon |   9220 |   8514 |    706 |    590 |   6368 |  10 |  922.0 |
        Temple |     45 |      1 |     44 |      0 |      0 |   1 |   45.0 |
          Lair |   3012 |   2911 |    101 |    503 |   2016 |   4 |  753.0 |
  Orcish Mines |     32 |     32 |      0 |      0 |      9 |   1 |   32.0 |
       Ossuary |    547 |    547 |      0 |     42 |    228 |   1 |  547.0 |
               +--------+--------+--------+--------+--------+-----+--------+

Top non-repeatable levels by time:
     D:8: 1785 daAuts
     D:7: 1376 daAuts
  Lair:1: 1308 daAuts
     D:9: 1297 daAuts
     D:5: 1114 daAuts
  Lair:2: 977 daAuts
     D:6: 913 daAuts
     D:4: 751 daAuts
     D:1: 735 daAuts
  Lair:3: 724 daAuts
     D:2: 561 daAuts
 Ossuary: 547 daAuts
     D:3: 428 daAuts
    D:10: 257 daAuts
  Temple: 45 daAuts
